 Dungeon Crawl Stone Soup version 0.18-a0-1506-g8c105fb (webtiles) character file.

35067 Sixotanaka the Slicer (level 13, 0/142 HPs)
             Began as an Octopode Assassin on Feb 20, 2016.
             Was an Initiate of Gozag.
             Killed by angry trees
             ... awakened by a young spriggan druid
              (9 damage)
             ... on level 6 of the Lair of Beasts on Mar 4, 2016.
             The game lasted 01:14:40 (22600 turns).

Sixotanaka the Slicer (Octopode Assassin)          Turns: 22600, Time: 01:14:40

Health: 0/142      AC:  1    Str: 15    XL:     13   Next: 81%
Magic:  27/27      EV: 23    Int: 13    God:    Gozag
Gold:   3760       SH: 11    Dex: 24    Spells: 2 memorised, 8 levels left

rFire  . . .     SeeInvis .     a - +2 rapier (elec)
rCold  . . .     Gourm    .     N - +0 buckler
rNeg   . . .     Faith    .     (helmet restricted)
rPois  .         Spirit   .     D - +4 amulet of reflection
rElec  .         Dismiss  .     m - ring of stealth
rCorr  .         Reflect  +     v - ring of stealth
SustAt .         Harm     .     P - +5 ring of dexterity
MR     .....                    Q - ring of flight
Stlth  ..........               S - ring of wizardry
                                T - ring of magical power
                                (no ring)
                                (no ring)

@: berserking, gold aura, very quick, not resistant to hostile enchantments,
extremely unstealthy
A: almost no armour, amphibious, 8 rings, constrict 8, camouflage 1, gelatinous
body 1
a: Potion Petition, Call Merchant, Bribe Branch, Renounce Religion, Evoke Flight


You were on level 6 of the Lair of Beasts.
You worshipped Gozag.
Gozag was noncommittal.
You were not hungry.

You visited 3 branches of the dungeon, and saw 17 of its levels.

You collected 3875 gold pieces.
You paid 115 gold pieces to Gozag.


Innate Abilities, Weirdness & Mutations

You cannot wear most types of armour.
You are amphibious.
You can wear up to eight rings at the same time.
You can use your tentacles to constrict eight enemies at once.
Your skin changes colour to match your surroundings (Stealth).
Your rubbery body absorbs attacks (AC +1).


   Skills:
 + Level 11.2 Fighting
 - Level 14.4 Short Blades
 - Level 2.0 Throwing
 - Level 10.2 Dodging
 - Level 8.7 Stealth
 - Level 6.1 Shields
 + Level 7.0 Evocations


You had 8 spell levels left.
You knew the following spells:

 Your Spells              Type           Power        Failure   Level  Hunger
s - Swiftness             Chrm/Air       #.......     21%         2    ###....
y - Passwall              Trmt/Erth      #.........   21%         2    ###....


Dungeon Overview and Level Annotations

Branches:
Dungeon (10/15)            Temple (1/1) D:4            Lair (6/8) D:8
  Swamp (0/4) Lair:4       Spider (0/4) Lair:6        Slime (0/6) Lair:6
    Orc: D:9-12

Altars:
Ashenzari
Cheibriados
Dithmenos
Elyvilon
Fedhas
Gozag
Kikubaaqudgha
Makhleb
Nemelex Xobeh
Okawaru
Pakellas
Qazlal
Ru
Trog
Vehumet
Xom
Yredelemnul
Zin
The Shining One
Jiyva

Shops:
D:7 *

Annotations:
D:5 Jessica; rafeer's ghost, novice OgBe
D:9 Maurice; ctave6's ghost, novice MiGl
Lair:4 3 exclusions, Rupert

Inventory:

Hand Weapons
 a - a +2 rapier of electrocution (weapon)
   (You took it off an orc priest on level 8 of the Dungeon)
 b - a +0 blowgun
 q - a +1 vampiric dagger {!w}
   (You took it off a kobold on level 2 of the Dungeon)
Missiles
 d - 2 curare-tipped needles
 I - 45 poisoned needles
 V - 2 needles of paralysis
 Z - a throwing net (quivered)
Armour
 N - a +0 buckler (worn)
Magical Staves
 p - an uncursed staff of air {!a}
Jewellery
 l - an uncursed amulet of the gourmand {unknown}
 m - a ring of stealth (left tentacle)
 v - a ring of stealth (right tentacle)
 D - a +4 amulet of reflection (around mantle)
 K - a cursed amulet of inaccuracy {unknown}
 P - a +5 ring of dexterity (on tentacle)
 Q - a ring of flight (on tentacle)
 S - a ring of wizardry (on tentacle)
 T - a ring of magical power (on tentacle)
Wands
 c - a wand of random effects (17/48)
 x - a wand of iceblast (0/15)
 H - a wand of teleportation (4/9) {@v4}
 X - a wand of lightning (3/15)
Scrolls
 h - 3 scrolls of fear
 i - a scroll of random uselessness {unknown}
 k - a scroll of holy word {unknown}
 n - 5 scrolls of teleportation {@r4}
 r - 4 scrolls of recharging
 s - a scroll of fog
 t - 10 scrolls of remove curse {@r2}
 y - a scroll of blinking {unknown}
 B - a scroll of noise {unknown}
 C - 2 scrolls of immolation {unknown}
 F - 4 scrolls of magic mapping
 J - a scroll of brand weapon {unknown}
 L - a scroll of summoning {unknown}
 M - 4 scrolls of enchant armour
 W - 2 scrolls of acquirement {unknown}
Potions
 e - 3 potions of ambrosia {!q}
 g - a potion of agility
 j - a potion of magic
 o - 3 potions of curing {@q1}
 u - 2 potions of berserk rage
 w - a potion of mutation {unknown}
 z - 2 potions of lignification {!q}
 A - a potion of invisibility
 E - 2 potions of haste {@q3}
 G - a potion of resistance {unknown}
 R - 6 potions of might
Books
 O - a book of Burglary
Comestibles
 f - 5 bread rations
 U - a meat ration

#...<..............##############
.#..............####
#............#### ♣♣♣♣♣♣
P..........### ♣♣♣....♣♣
..........## ♣♣♣..♣♣♣..♣♣♣♣
#........## ♣♣♣..♣♣♣ ♣......
#.......## ♣♣..♣♣♣ ♣♣...♣♣
##......# ♣♣.♣♣♣ ♣♣♣♣...♣
#.......# ♣@♣♣ ♣♣..)..♣♣♣
#P......# ♣i♣ ♣♣.♣♣♣♣....
##......# ♣......♣ ♣.♣♣ ♣♣♣♣.
#.......# ♣.....♣♣♣ ♣.♣♣ ♣♣
#.......# ♣..$.. ♣..♣♣ ♣
#.......# ♣♣...♣ ♣♣♣.♣ #.......#
♣♣♣♣ ♣♣.♣♣♣ ........# ♣....♣♣
#.......# ♣...♣♣..♣


You could see a young spriggan druid.


Message History

Found 15 gold pieces.
A hippogriff is nearby!
The hippogriff screeches!
The hippogriff moves out of view.
A spriggan rider comes into view. It is wielding a spear.
A young spriggan druid comes into view. It is wielding a quarterstaff.
The hippogriff completely misses you. The hippogriff barely misses you.
You block the hippogriff's attack.
The spriggan rider shouts!
You hit the hippogriff. You squeeze the hippogriff.
You puncture the hippogriff!
There is a sudden explosion of sparks!
You block the hippogriff's attack.
The hippogriff completely misses you. x2
The young spriggan druid hits you with a quarterstaff.
The young spriggan druid gestures wildly while chanting.
The forest starts to sway and rumble!
You hit the hippogriff. You squeeze the hippogriff. You hit the hippogriff.
You squeeze the hippogriff. A tree reaches out and hits you!
The hippogriff closely misses you. You block the hippogriff's attack.
The hippogriff claws you.
You hit the hippogriff. You closely miss the hippogriff.
Trunks creak and shift.
You are hit by a branch!
The hippogriff bites you! The hippogriff barely misses you.
The hippogriff misses you.
You hit the hippogriff. You hit the hippogriff.
There is a sudden explosion of sparks!
You kill the hippogriff!
A root smacks you from below. You block the spriggan rider's attack.
Trunks creak and shift.
A tree reaches out and hits you!
* * * LOW HITPOINT WARNING * * *
The young spriggan druid calls out to the beasts of the wild!
The spriggan rider closely misses you.
You see here 14 gold pieces.
You barely miss the spriggan rider. You grab the spriggan rider.
You squeeze the spriggan rider. You constrict the spriggan rider.
You hit the spriggan rider.
There is a sudden explosion of sparks!
Your squeeze misses the spriggan rider. You constrict the spriggan rider.
A tree reaches out and hits you!
* * * LOW HITPOINT WARNING * * *
The spriggan rider hits you with a spear!
* * * LOW HITPOINT WARNING * * *
You hit the spriggan rider.
There is a sudden explosion of sparks!
You kill the wasp!
The spriggan jumps down from its now dead mount.
You constrict the spriggan.
Drink which item? (? for menu, Esc to quit)
A red film seems to cover your vision as you go berserk!
You feel yourself moving faster!
You feel mighty!
You constrict the spriggan. A tree reaches out and hits you!
* * * LOW HITPOINT WARNING * * *
The spriggan is distracted by the nearby gold.
You catch the helpless spriggan momentarily off-guard.
You skewer the spriggan like a kebab!!!
You kill the spriggan!
Your Evocations skill increases to level 7!
A root lunges up near you.
You puncture the young spriggan druid!
Your grab misses the young spriggan druid.
Your squeeze misses the young spriggan druid.
You hit the young spriggan druid but do no damage.
There is a sudden explosion of sparks!
Your grab misses the young spriggan druid.
The young spriggan druid casts a spell.
The young spriggan druid is healed somewhat.
You barely miss the young spriggan druid.
You grab the young spriggan druid. You constrict the young spriggan druid.
A tree reaches out and hits you!
You die...
Your body crumbles into a pile of gold.

Action                   |  1- 3 |  4- 6 |  7- 9 | 10-12 | 13-15 || total
-------------------------+-------+-------+-------+-------+-------++-------
Melee: Dagger            |    48 |    82 |    53 |       |       ||   183
       Short sword       |       |       |    25 |       |       ||    25
       Rapier            |       |       |   203 |   677 |   284 ||  1164
 Fire: Blowgun           |       |    58 |    36 |    45 |       ||   139
Evoke: Wand              |       |       |       |     1 |    13 ||    14
  Use: Scroll            |     3 |     2 |     4 |     6 |     7 ||    22
       Potion            |       |     1 |     4 |     3 |     3 ||    11
 Stab: Sleeping          |    20 |    18 |    23 |    49 |    20 ||   130
       Distracted        |       |     1 |     7 |     7 |     5 ||    20
  Eat: Chunk             |       |     4 |     2 |       |       ||     6
       Royal jelly       |       |     1 |       |     1 |       ||     2
       Beef jerky        |       |     1 |       |     2 |       ||     3
       Meat ration       |       |       |     3 |       |     2 ||     5
       Pizza             |       |       |     1 |     5 |       ||     6
       Bread ration      |       |       |     1 |     4 |       ||     5
       Fruit             |       |       |       |     1 |       ||     1

Vault maps used:
D:1:      dpeg_arrival_sounds_slurp, minmay_ruptured
D:2:      minmay_mini_jars
D:3:      first_bread, minmay_misc_feat_ornament
D:4:      kennysheep_mini_moat, old_standard_altar, minmay_temple_entry_statues,
          nicolae_qazlal_eye_of_the_storm, uniq_sigmund
D:5:      tgw_sif, lemuel_round_altar
D:6:      elyvilon_altar_5, lemuel_round_altar, hangedman_decor_growths,
          uniq_duvessa
D:7:      nicolae_whirlpool, trog_ov_bears_minmay, wad_floor_pattern_1,
          nicolae_offbrand_ammo
D:8:      old_standard_altar, nicolae_overflow_crystal_walls,
          erik_lair_orcish_takeover, the_bakery
D:9:      old_standard_altar, gammafunk_temple_overflow_wave,
          amethyst_overflow_temple_binary, nicolae_gozag_seed_capital,
          uniq_maurice, uniq_pikel
D:10:     hangedman_screamer
Temple:   circular_temple_6
Lair:1:   grunt_megastairs_3
Lair:2:   dpeg_oklob_gauntlet
Lair:3:   nicolae_quartered_pool_super, beast_lair_carwin_10,
          grunt_megastairs_5, infiniplex_staircase_pool_2, uniq_snorg
Lair:4:   swamp_mist_pool, columned_hall_lemuel, grunt_megastairs_4,
          serial_bayou_shore_a, uniq_rupert
Lair:5:   small_statue_intersection, nicolae_lair_grove_arrangements,
          roderic_lost_polar_bear
Lair:6:   forest_paths, spider_nest_entry_webs, dpeg_slime_entry_enclosed_altar,
          beast_lair_carwin_2

Notes
Turn   | Place    | Note
--------------------------------------------------------------
     0 | D:1      | Sixotanaka the Octopode Assassin began the quest for the Orb.
     0 | D:1      | Reached XP level 1. HP: 14/14 MP: 1/1
   321 | D:1      | Reached XP level 2. HP: 19/19 MP: 2/2
   409 | D:1      | Reached skill level 3 in Short Blades
   854 | D:2      | Reached XP level 3. HP: 24/24 MP: 3/3
  1058 | D:2      | Reached skill level 4 in Short Blades
  1091 | D:2      | Reached XP level 4. HP: 22/29 MP: 4/4
  2122 | D:3      | Reached skill level 5 in Short Blades
  2133 | D:3      | Reached XP level 5. HP: 34/34 MP: 5/5
  2758 | D:4      | Found a shattered altar of Ashenzari.
  3045 | D:4      | Noticed an ogre
  3062 | D:4      | Killed an ogre
  3062 | D:4      | Reached skill level 6 in Short Blades
  3062 | D:4      | Reached XP level 6. HP: 39/39 MP: 6/6
  3194 | D:4      | Noticed a phantom
  3220 | D:4      | Found a glowing silver altar of Zin.
  3459 | D:4      | Found a staircase to the Ecumenical Temple.
  3462 | D:4      | Noticed Sigmund
  3522 | D:4      | Killed Sigmund
  3522 | D:4      | Reached skill level 7 in Short Blades
  3522 | D:4      | Reached XP level 7. HP: 45/45 MP: 7/7
  3531 | Temple   | Entered the Ecumenical Temple
  3657 | D:4      | Found a stormy altar of Qazlal.
  3823 | D:5      | Entered Level 5 of the Dungeon
  3921 | D:5      | Noticed rafeer's ghost (novice OgBe)
  4243 | D:5      | Reached skill level 8 in Short Blades
  4252 | D:5      | Noticed Jessica
  4461 | D:5      | Found an ancient bone altar of Kikubaaqudgha.
  5137 | D:6      | Reached skill level 9 in Short Blades
  5137 | D:6      | Reached XP level 8. HP: 50/50 MP: 8/8
  5149 | D:6      | Noticed Duvessa
  5149 | D:6      | Noticed Dowan
  5168 | D:6      | Killed Duvessa
  5188 | D:6      | Killed Dowan
  5517 | D:6      | Found an opulent altar of Gozag.
  5527 | D:6      | Became a worshipper of Gozag Ym Sagoz the Greedy
  5728 | D:6      | Reached skill level 10 in Short Blades
  5802 | D:6      | Found a white marble altar of Elyvilon.
  6386 | D:6      | Noticed a two-headed ogre
  6732 | D:7      | Found Ymopoefu's Off-Brand Ammunition.
  6858 | D:7      | Found a bloodstained altar of Trog.
  6991 | D:7      | Reached skill level 11 in Short Blades
  7061 | D:7      | Reached XP level 9. HP: 37/54 MP: 9/9
  7248 | D:7      | Reached skill level 2 in Dodging
  7315 | D:7      | Reached skill level 3 in Dodging
  7626 | D:7      | Noticed a seven-headed hydra
  7641 | D:7      | Reached skill level 4 in Dodging
  7902 | D:7      | zzxc: trying to play without telling me
  7906 | D:7      | zzxc: you sneaky bugger
  7906 | D:7      | Sixotanaka: lol
  7906 | D:7      | Sixotanaka: idk i was just messing around
  7906 | D:7      | Sixotanaka: but it's going pretty good
  7906 | D:7      | zzxc: no RNG deaths yet?
  7906 | D:7      | Sixotanaka: gonna take a break tho
  7906 | D:7      | Sixotanaka: need more panadol
  7906 | D:7      | Sixotanaka: and then i can't play for a bit
  7906 | D:7      | zzxc: oh
  7906 | D:7      | Sixotanaka: because it makes me do dumb shit
  7906 | D:7      | zzxc: but
  7906 | D:7      | zzxc: you're messing around?
  7906 | D:7      | zzxc: also im speccing
  7906 | D:7      | zzxc: let's mess around
  7906 | D:7      | Sixotanaka: yeah but it's going well
  7906 | D:7      | zzxc: hxc
  7906 | D:7      | zzxc: bah only d7
  7906 | D:7      | Sixotanaka: lol
  7906 | D:7      | zzxc: you can start caring at zot
  7906 | D:7      | Sixotanaka: lol
  7906 | D:7      | Sixotanaka: there's a 7 headed hydra
  7906 | D:7      | Sixotanaka: on this floor
  7906 | D:7      | Sixotanaka: and i can't be fucked dealing wiht it
  7906 | D:7      | zzxc: lure to a stair
  7906 | D:7      | zzxc: then OUTFLANKING maneuver
  7906 | D:7      | Sixotanaka: lol
  7906 | D:7      | Sixotanaka: brb
  7906 | D:7      | zzxc: im so hungry
  7906 | D:7      | zzxc: and have a headache
  7906 | D:7      | zzxc: should probably do something about at least 1 of those
  7906 | D:7      | zzxc: i think i can legitimately say arguing on tavern gave me a headache
  7906 | D:7      | Upgraded the game from 0.18-a0-1361-g9293dd1 to 0.18-a0-1376-g7441944
  8004 | D:7      | HP: 13/54 [centaur/arrow (17)]
  8010 | D:7      | Reached skill level 5 in Dodging
  8030 | D:7      | HP: 13/54 [poisoned by an adder]
  8035 | D:7      | HP: 12/54 [poisoned by an adder]
  8042 | D:7      | HP: 11/54 [poisoned by an adder]
  8050 | D:7      | HP: 11/54 [poisoned by an adder]
  8556 | D:8      | Found a basalt altar of Yredelemnul.
  8669 | D:8      | Found a shadowy altar of Dithmenos.
  8682 | D:8      | Reached skill level 6 in Dodging
  8855 | D:8      | Reached skill level 7 in Dodging
  9148 | D:8      | Found a staircase to the Lair.
  9316 | D:8      | HP: 13/54 [poisoned by a killer bee]
  9321 | D:8      | HP: 11/54 [poisoned by a killer bee]
  9328 | D:8      | HP: 9/54 [poisoned by a killer bee]
  9335 | D:8      | HP: 9/54 [poisoned by a killer bee]
  9343 | D:8      | HP: 8/54 [poisoned by a killer bee]
  9418 | D:8      | HP: 7/54 [orc priest/rapier of electrocution (12)]
  9696 | D:8      | Reached skill level 8 in Dodging
  9696 | D:8      | Reached XP level 10. HP: 27/60 MP: 10/10
 10194 | D:8      | HP: 14/60 [poisoned by a killer bee]
 10199 | D:8      | HP: 10/60 [poisoned by a killer bee]
 10204 | D:8      | HP: 8/60 [poisoned by a killer bee]
 10209 | D:8      | HP: 6/60 [poisoned by a killer bee]
 10215 | D:8      | HP: 5/60 [poisoned by a killer bee]
 10223 | D:8      | HP: 5/60 [poisoned by a killer bee]
 10720 | Lair:1   | Entered Level 1 of the Lair of Beasts
 10720 | Lair:1   | Noticed a five-headed hydra
 10823 | D:9      | Noticed Pikel
 10910 | D:9      | Found a sparkling altar of Nemelex Xobeh.
 10910 | D:9      | Found a snail-covered altar of Cheibriados.
 10943 | D:9      | Reached skill level 12 in Short Blades
 10988 | D:9      | Noticed Maurice
 11115 | D:9      | Upgraded the game from 0.18-a0-1376-g7441944 to 0.18-a0-1481-g708b138
 11128 | D:9      | Found an iron altar of Okawaru.
 11254 | D:9      | Found a stormy altar of Qazlal.
 11263 | D:9      | Found an oddly glowing altar of Pakellas.
 11342 | D:9      | Noticed ctave6's ghost (novice MiGl)
 11385 | D:9      | Reached skill level 1 in Evocations
 11397 | D:9      | Reached skill level 6 in Stealth
 11496 | D:9      | Found an opulent altar of Gozag.
 11535 | D:9      | Killed Pikel
 11535 | D:9      | Reached skill level 2 in Evocations
 11824 | D:6      | Reached skill level 7 in Stealth
 11824 | D:6      | Reached skill level 3 in Evocations
 12279 | D:5      | HP: 11/60 [sky beast (5)]
 12576 | D:10     | Entered Level 10 of the Dungeon
 12593 | D:9      | HP: 12/60 [killer bee zombie (8)]
 12600 | D:9      | HP: 11/60 [hound (2)]
 12657 | D:9      | HP: 13/60 [centaur (10)]
 12859 | D:9      | Reached skill level 8 in Stealth
 13116 | D:9      | zzxc: realism of crawl
 13160 | D:9      | zzxc: constricting a killer bee is a winning tactic
 13238 | D:9      | Reached skill level 4 in Evocations
 13252 | Lair:1   | zzxc: followed by skewering it with an ELECTRIC rapier
 13252 | Lair:1   | Sixotanaka: my sweet lair entrance
 13252 | Lair:1   | zzxc: heh
 13252 | Lair:1   | Sixotanaka: 7 heads
 13252 | Lair:1   | Sixotanaka: no tp
 13319 | D:9      | Sixotanaka: o wait
 13319 | D:9      | Sixotanaka: wand of tp
 13319 | D:9      | Sixotanaka: lol
 13319 | D:9      | zzxc: lols
 13319 | D:9      | Sixotanaka: didn't realize i had that
 13319 | D:9      | Sixotanaka: well playing league now
 13319 | D:9      | Sixotanaka: we were just taking a break
 13319 | D:9      | Upgraded the game from 0.18-a0-1481-g708b138 to 0.18-a0-1484-g95ebbe1
 13632 | D:10     | HP: 15/60 [orc warrior/trident (15)]
 13807 | D:10     | Reached XP level 11. HP: 19/64 MP: 14/14
 14301 | D:10     | Noticed Josephine
 14303 | D:10     | Killed Josephine
 14303 | D:10     | Reached skill level 3 in Fighting
 14303 | D:10     | Reached skill level 13 in Short Blades
 14346 | D:10     | Reached skill level 4 in Fighting
 14575 | D:10     | Noticed a necromancer
 14603 | D:10     | Killed a necromancer
 14603 | D:10     | Reached skill level 5 in Fighting
 15469 | D:8      | Upgraded the game from 0.18-a0-1484-g95ebbe1 to 0.18-a0-1496-g27d3123
 15797 | Lair:2   | Noticed a six-headed hydra
 15838 | Lair:2   | Reached skill level 6 in Fighting
 15885 | Lair:2   | Noticed an oklob plant
 16161 | Lair:2   | Upgraded the game from 0.18-a0-1496-g27d3123 to 0.18-a0-1506-g8c105fb
 16233 | Lair:2   | Reached skill level 14 in Short Blades
 16233 | Lair:2   | Reached XP level 12. HP: 63/79 MP: 15/15
 16479 | Lair:2   | Reached skill level 7 in Fighting
 16733 | Lair:2   | Learned a level 2 spell: Swiftness
 16736 | Lair:2   | Learned a level 2 spell: Passwall
 16864 | Lair:3   | Reached skill level 8 in Fighting
 17556 | Lair:3   | Noticed Snorg
 17601 | Lair:3   | Reached skill level 9 in Fighting
 17693 | Lair:3   | HP: 21/86 [poisoned by a spiny frog]
 17701 | Lair:3   | HP: 21/86 [poisoned by a spiny frog]
 17709 | Lair:3   | HP: 21/86 [poisoned by a spiny frog]
 18085 | Lair:2   | Reached skill level 10 in Fighting
 18482 | Lair:3   | Reached skill level 1 in Shields
 18525 | Lair:3   | Reached skill level 2 in Shields
 18630 | Lair:3   | Killed Snorg
 18630 | Lair:3   | Reached skill level 3 in Shields
 18949 | Lair:3   | Reached skill level 9 in Dodging
 18994 | Lair:3   | Reached XP level 13. HP: 81/91 MP: 16/16
 19200 | Lair:3   | Reached skill level 4 in Shields
 19294 | Lair:3   | Reached skill level 5 in Shields
 19594 | Lair:4   | Reached skill level 10 in Dodging
 19694 | Lair:4   | Noticed Rupert
 20032 | Lair:4   | Found a staircase to the Swamp.
 20065 | Lair:4   | Reached skill level 6 in Shields
 21220 | Lair:6   | Reached skill level 5 in Evocations
 21395 | Lair:6   | HP: 16/92 [spiny frog (15)]
 21397 | Lair:6   | Found a hole to the Spider Nest.
 21810 | Lair:6   | Found a viscous altar of Jiyva.
 21810 | Lair:6   | Found a staircase to the Slime Pits.
 21977 | Lair:6   | Reached skill level 6 in Evocations
 22023 | Lair:6   | Reached skill level 11 in Fighting
 22594 | Lair:6   | HP: 15/95 [spriggan rider/spear (17)]
 22597 | Lair:6   | Reached skill level 7 in Evocations
 22600 | Lair:6   | Killed from afar by a young spriggan druid

Vanquished Creatures
  Snorg (Lair:3)
  Josephine (D:10)
  2 hydras (Lair:6)
  Pikel (D:9)
  A necromancer (D:10)
  4 oklob plants (Lair:2)
  3 elephants (Lair:6)
  3 centaur zombies (D:10)
  16 spiny frogs
  2 torpor snails (Lair:3)
  A centaur skeleton (D:10)
  3 rime drakes
  2 komodo dragons (Lair:3)
  A spriggan druid (Lair:6)
  A two-headed ogre (D:6)
  A polar bear (Lair:5)
  7 blink frogs
  2 flying skulls (D:10)
  A redback (Lair:6)
  A shadow (D:10)
  11 spriggans
  32 yaks
  Sigmund (D:4)
  2 fire elementals (Lair:5)
  2 wyverns
  A hungry ghost (D:8)
  2 basilisks
  5 hippogriffs
  2 wargs (D:8)
  10 wolves (Lair:3)
  Duvessa (D:6)
  5 water moccasins
  6 porcupines
  A slave (D:9)
  A wasp (Lair:6)
  2 orc warriors (D:8)
  3 sky beasts
  3 black bears
  2 ice beasts
  4 necrophages (D:10)
  2 ogres
  2 phantoms
  8 centaurs
  9 crocodiles
  2 wyvern zombies (D:10)
  11 giant frogs
  A gnoll sergeant (D:10)
  Dowan (D:6)
  3 wyvern skeletons
  A water moccasin skeleton (D:10)
  2 water moccasin zombies (D:10)
  3 scorpions
  24 killer bees
  11 wights
  2 electric eels
  3 crimson imps
  A quasit (D:9)
  3 jellies
  3 giant frog skeletons
  5 orc priests
  3 hounds
  5 orc wizards
  7 worker ants
  5 iguanas
  5 sheep
  2 killer bee zombies
  2 hound zombies
  2 hound skeletons
  4 worker ant zombies
  2 howler monkey zombies (D:10)
  13 gnolls
  A howler monkey skeleton (D:10)
  15 adders
  30 river rats
  3 shadow imps
  An ooze (D:2)
  3 adder skeletons
  3 worms
  7 giant geckos
  23 orcs
  9 bats
  2 giant cockroaches
  7 goblins
  9 hobgoblins
  18 jackals
  9 kobolds
  7 quokkas
  A ball python (D:2)
  5 giant newts
  A jackal skeleton (D:4)
  10 rats
461 creatures vanquished.

Vanquished Creatures (others)
  2 slaves (D:9)
  10 fungi
  3 plants
15 creatures vanquished.

Grand Total: 476 creatures vanquished
